 Dungeon Crawl Stone Soup version 0.30-a0-476-g330ca2eb8e (webtiles) character file.

Game seed: 13981481591933805784

1885 NinjaNoafa the Insei (level 9, -3/67 HPs)
             Began as a Gnoll Transmuter on Dec 22, 2022.
             Was an Initiate of Cheibriados.
             Killed from afar by an orc wizard (9 damage)
             ... with a magic dart
             ... on level 6 of the Dungeon.
             The game lasted 00:19:50 (7157 turns).

NinjaNoafa the Insei (Gnoll Transmuter)             Turns: 7157, Time: 00:19:51

Health: -3/67      AC:  2    Str: 11    XL:     9   Next: 14%
Magic:  27/27      EV: 24    Int: 17    God:    Cheibriados [......]
Gold:   390        SH:  0    Dex: 19    Spells: 11/21 levels left

rFire   . . .      SeeInvis .      - Unarmed
rCold   . . .      Faith    .    (shield currently unavailable)
rNeg    . . .      Spirit   .    (body armour currently unavailable)
rPois   .          Reflect  .    (helmet currently unavailable)
rElec   .          Harm     .    (cloak currently unavailable)
rCorr   .          Rampage  .    (gloves currently unavailable)
Will    .....                    (boots currently unavailable)
Stlth   +++.......               (no amulet)
HPRegen 0.31/turn                y - ring of magical power
MPRegen 0.20/turn                t - ring of poison resistance

@: spider-form (expiring), wereblooded (expiring), invisible, very slow
A: venomous fangs, tiny, (fangs 1), strong nose, distributed training
a: End Transformation, Renounce Religion


You were on level 6 of the Dungeon.
You worshipped Cheibriados.
Cheibriados was noncommittal.
You were a venomous arachnid creature.
You visited 2 branches of the dungeon, and saw 7 of its levels.
You also visited: Sewer.

You collected 390 gold pieces.

Inventory:

Missiles
 f - 56 stones
 p - 24 poisoned darts
 x - 4 boomerangs
Armour
 a - a +0 robe (melded)
 u - a +0 cloak (melded)
 A - a +0 pair of gloves (melded)
 B - a +0 helmet (melded)
Jewellery
 k - a ring of resist corrosion
 t - a ring of poison resistance (right front leg)
 y - a ring of magical power (left front leg)
Scrolls
 c - 4 scrolls of fear
 d - 2 scrolls of fog
 e - a scroll of silence
 h - 3 scrolls of vulnerability
 i - a scroll of magic mapping
 j - 4 scrolls of teleportation
 s - 3 scrolls of noise
 w - a scroll of enchant weapon
Potions
 b - a potion of lignification
 l - a potion of cancellation {unknown}
 m - a potion of resistance {unknown}
 n - a potion of degeneration {unknown}
 o - 5 potions of curing
 q - a potion of might {unknown}
 r - 2 potions of flight {unknown}
 v - a potion of mutation {unknown}
 z - a potion of magic {unknown}


   Skills:
 + Level 4.9 Fighting
 + Level 4.1 Short Blades
 + Level 4.1 Long Blades
 + Level 4.1 Axes
 + Level 4.1 Maces & Flails
 + Level 4.1 Polearms
 + Level 4.1 Staves
 + Level 4.1 Ranged Weapons
 + Level 4.1 Throwing
 + Level 4.1 Armour
 + Level 6.2 Dodging
 + Level 4.1 Stealth
 + Level 4.1 Shields
 + Level 7.8 Unarmed Combat
 + Level 6.5 Spellcasting
 + Level 3.3 Conjurations
 + Level 3.3 Hexes
 + Level 3.3 Summonings
 + Level 3.3 Necromancy
 + Level 3.3 Translocations
 + Level 5.1 Transmutations
 + Level 3.3 Fire Magic
 + Level 3.3 Ice Magic
 + Level 3.3 Air Magic
 + Level 3.3 Earth Magic
 + Level 3.3 Poison Magic
 + Level 4.5 Invocations
 + Level 4.1 Evocations


You had 11 spell levels left.
You knew the following spells:

 Your Spells              Type           Power      Damage    Failure   Level
a - Beastly Appendage     Tmut           46%        N/A       7%          1
b - Wereblood             Tmut           23%        N/A       9%          2
c - Spider Form           Tmut/Pois      20%        N/A       17%         3
d - Blink                 Tloc           34%        N/A       14%         2
e - Cigotuvi's Dreadful   Necr/Pois/Air  34%        N/A       14%         2

Your spell library contained the following spells:

 Spells                   Type           Power      Damage    Failure   Level
 Gell's Gravitas          Tloc           17%        N/A       22%         3
 Portal Projectile        Hex/Tloc       34%        N/A       22%         3
 Teleport Other           Tloc           17%        N/A       22%         3
 Tukima's Dance           Hex            17%        N/A       22%         3
 Ice Form                 Ice/Tmut       20%        N/A       41%         4
 Dispel Undead            Necr           17%        3d10      52%         4
 Manifold Assault         Tloc           17%        N/A       52%         4
 Blade Hands              Tmut           11%        N/A       61%         5
 Death Channel            Necr           8%         N/A       100%        6
 Dispersal                Tloc           8%         N/A       100%        6
 Storm Form               Tmut/Air       10%        N/A       100%        7


Dungeon Overview and Level Annotations

Branches:
Dungeon (6/15)             Temple (1/1) D:6           Sewer (visited)

Altars:
Cheibriados
Dithmenos
Elyvilon
Gozag
Kikubaaqudgha
Makhleb
Nemelex Xobeh
Okawaru
Qazlal
Ru
Sif Muna
Trog
Uskayaw
Vehumet
Xom
Yredelemnul
Zin
The Shining One

Annotations:
D:4 2 transporters


Innate Abilities, Weirdness & Mutations

You are a venomous arachnid creature.
You have poisonous fangs.
You are tiny and dextrous.
Your spellcasting is less reliable in this form.
Your armour is entirely melded.
You are incapable of wielding weapons or throwing items.
((You have very sharp teeth.))
Your uncanny sense of smell can sniff out nearby items.
Your experience applies equally to all skills.


Message History

Cheibriados appreciates the change of pace.
You feel sick.
The gnoll hits you from afar with a +0 halberd!
The phantom hits you.
The phantom blinks!
You blink.
You feel sick. The phantom hits you.
* * * LOW HITPOINT WARNING * * *
You hit the phantom.
The phantom is moderately damaged.
You feel sick.
The orc shouts! x2; The orc wizard shouts!
The phantom barely misses you.
You barely miss the phantom.
The phantom is moderately damaged.
The phantom completely misses you. The phantom attacks as you move away!
The phantom closely misses you.
You feel sick. The hound barely misses you. The hound attacks as you move away!
The hound misses you.
Your transformation is almost over.
Your primal bloodlust is almost over.
You feel sick. The phantom closely misses you. The hound barely misses you.
You feel sick.
You are no longer poisoned.
The orc wizard gestures at you while chanting.
The magic dart hits you!
* * * LOW HITPOINT WARNING * * *
The hound attacks as you move away! The hound completely misses you.
You hiss as the wereblood boils in your veins!
The hound completely misses you. The orc wizard completely misses you.
The hound attacks as you move away! The hound misses you.
Found 16 gold pieces.
The hound misses you. The orc hits you with a +0 club.
* * * LOW HITPOINT WARNING * * *
The orc wizard hits you with a +0 dagger.
* * * LOW HITPOINT WARNING * * *
You fade into invisibility!
You hiss as the wereblood boils in your veins!
The hound bites you.
* * * LOW HITPOINT WARNING * * *
The hound misses you. The phantom completely misses you.
The orc wizard gestures at you while chanting.
The magic dart hits you!
You die...

.. #...............
#.####................#
....>.................#
....#.................##
#.#.##.................#
...........[.....).....#
####g)†...=.............
#.).#.....##W......#
###.#...#...hs.<#
.......#..##goo..#
.###...##..#o###.#
#...###..g...... ......
#.......$...
.....................
#..#............. ....
##########............
#......


You could see a phantom (unable to see you), a hound, an orc wizard (unable to
see you), 2 gnolls and 2 orcs.

Vanquished Creatures
  The ghost of Encipher the Skirmisher, an amateur KoHu of Fedhas (D:4)
  Sigmund (D:5)
  A water moccasin (D:6)
  An ice beast (D:5)
  2 ogres
  A centaur (D:5)
  2 phantoms
  2 kobold brigands (Sewer)
  A necrophage (D:6)
  Blork the orc (D:5)
  A scorpion (D:5)
  A vampire bat (D:3)
  An orc priest (D:4)
  4 hounds
  3 iguanas
  An orc wizard (D:3)
  3 gnolls (D:6)
  8 adders
  4 river rats (Sewer)
  An ufetubus (D:5)
  A worm zombie (D:5)
  2 worms
  4 dart slugs
  3 fire bats (D:3)
  10 orcs
  2 spectral bats (D:3)
  15 bats
  3 bat skeletons (D:3)
  A bat zombie (D:3)
  9 endoplasms
  4 giant cockroaches
  15 goblins
  5 hobgoblins
  5 jackals
  11 kobolds
  9 quokkas
  12 ball pythons
  A bat simulacrum (D:3)
  6 frilled lizards
  9 rats
167 creatures vanquished.

Vanquished Creatures (others)
  2 fungi (D:1)
  17 plants
19 creatures vanquished.

Grand Total: 186 creatures vanquished

Notes
Turn   | Place    | Note
-------+----------+-------------------------------------------
     0 | D:1      | NinjaNoafa the Gnoll Transmuter began the quest for the
                  | Orb.
     0 | D:1      | Reached XP level 1. HP: 17/17 MP: 6/6
   149 | D:1      | Reached XP level 2. HP: 20/23 MP: 5/7
   301 | D:1      | Learned a level 2 spell: Wereblood
   640 | D:1      | Reached skill level 5 in Spellcasting
   640 | D:1      | Reached XP level 3. HP: 28/28 MP: 6/9
   786 | D:1      | Found a faded altar of an unknown god.
  1076 | D:2      | Reached skill level 1 in Invocations
  1245 | D:2      | Reached skill level 1 in Short Blades
  1245 | D:2      | Reached skill level 1 in Long Blades
  1245 | D:2      | Reached skill level 1 in Axes
  1245 | D:2      | Reached skill level 1 in Maces & Flails
  1245 | D:2      | Reached skill level 1 in Polearms
  1245 | D:2      | Reached skill level 1 in Staves
  1245 | D:2      | Reached skill level 1 in Ranged Weapons
  1245 | D:2      | Reached skill level 1 in Throwing
  1245 | D:2      | Reached skill level 1 in Armour
  1245 | D:2      | Reached skill level 1 in Stealth
  1245 | D:2      | Reached skill level 1 in Shields
  1245 | D:2      | Reached skill level 1 in Evocations
  1459 | D:2      | Reached XP level 4. HP: 31/34 MP: 9/11
  2053 | D:3      | Noticed a phantom
  2063 | D:3      | Killed a phantom
  2064 | D:3      | Reached skill level 1 in Conjurations
  2064 | D:3      | Reached skill level 1 in Hexes
  2064 | D:3      | Reached skill level 1 in Summonings
  2064 | D:3      | Reached skill level 1 in Necromancy
  2064 | D:3      | Reached skill level 1 in Translocations
  2064 | D:3      | Reached skill level 1 in Fire Magic
  2064 | D:3      | Reached skill level 1 in Ice Magic
  2064 | D:3      | Reached skill level 1 in Air Magic
  2064 | D:3      | Reached skill level 1 in Earth Magic
  2064 | D:3      | Reached skill level 1 in Poison Magic
  2064 | D:3      | Reached XP level 5. HP: 39/41 MP: 10/12
  2068 | D:3      | Learned a level 3 spell: Spider Form
  2071 | D:3      | Learned a level 2 spell: Blink
  2810 | D:3      | Reached XP level 6. HP: 47/47 MP: 12/14
  2812 | D:3      | Reached skill level 5 in Dodging
  3486 | D:4      | Reached skill level 7 in Unarmed Combat
  3486 | D:4      | Reached XP level 7. HP: 52/52 MP: 15/15
  3513 | D:4      | Found a hide-covered altar of Uskayaw.
  3514 | D:4      | Found an iron altar of Okawaru.
  3515 | D:4      | Found a transporter.
  3515 | D:4      | Found a white marble altar of Elyvilon.
  3523 | D:4      | Noticed a yak
  3532 | D:4      | Found a transporter.
  3585 | D:4      | Found a runed translucent door.
  3586 | D:4      | Noticed Encipher's ghost (amateur KoHu)
  3676 | D:4      | Found a burning altar of Makhleb.
  3851 | D:5      | Entered Level 5 of the Dungeon
  3924 | D:5      | Found a glowing drain.
  3948 | Sewer    | Entered a sewer
  4821 | D:5      | Reached XP level 8. HP: 60/60 MP: 16/16
  5161 | D:5      | Learned a level 2 spell: Cigotuvi's Dreadful Rot
  5175 | D:5      | Noticed Blork the orc
  5317 | D:4      | Killed Encipher's ghost
  5808 | D:5      | Found a sparkling altar of Nemelex Xobeh.
  5835 | D:5      | Noticed Sigmund
  5846 | D:5      | Killed Sigmund
  6002 | D:5      | Killed Blork the orc
  6192 | D:5      | Reached skill level 5 in Transmutations
  6616 | D:6      | Found a glowing silver altar of Zin.
  6626 | D:6      | Reached XP level 9. HP: 42/66 MP: 18/18
  6803 | D:6      | Found a staircase to the Ecumenical Temple.
  6812 | Temple   | Entered the Ecumenical Temple
  7023 | Temple   | Became a worshipper of Cheibriados the Contemplative
  7157 | D:6      | Killed from afar by an orc wizard

Illustrated notes

Levels and vault maps discovered:
D:1:      dpeg_arrival_round_b, layout_loops_ring,
          shapermc_ecumenical_altar_acropolis
D:2:      layout_basic
D:3:      layout_loops_ring, kennysheep_minor_cross, goddamned_bats
D:4:      layout_basic, gammafunk_temple_overflow_arena,
          makhleb_blood_cavern_becter, gammafunk_ghost_grave
D:5:      layout_basic, mainiacjoe_overflow_alcove_2, portal_sewer_entry_f,
          serial_rivers, chequers_serial_rivers_small_3,
          chequers_serial_rivers_small_b, chequers_serial_rivers_room_b,
          chequers_serial_rivers_small_3, chequers_serial_rivers_micro_d,
          chequers_serial_rivers_micro_a, enter_ossuary_3, uniq_blork_the_orc,
          uniq_sigmund
D:6:      layout_rooms, mainiacjoe_overflow_boulevard,
          fedhas_altar_decomposition, lemuel_temple_firewalk_b
Temple:   hc_temple_tempest_star

Skill      XL: |  1  2  3  4  5  6  7  8  9 |
---------------+----------------------------+-----
Spellcasting   | 5 6 |  6.5
Invocations    | 1 2 3 4 |  4.5
Short Blades   | 1 2 3 4 |  4.1
Long Blades    | 1 2 3 4 |  4.1
Axes           | 1 2 3 4 |  4.1
Maces & Flails | 1 2 3 4 |  4.1
Polearms       | 1 2 3 4 |  4.1
Staves         | 1 2 3 4 |  4.1
Ranged Weapons | 1 2 3 4 |  4.1
Throwing       | 1 2 3 4 |  4.1
Armour         | 1 2 3 4 |  4.1
Stealth        | 1 2 3 4 |  4.1
Shields        | 1 2 3 4 |  4.1
Evocations     | 1 2 3 4 |  4.1
Fighting       | 3 4 |  4.9
Conjurations   | 1 2 3 |  3.3
Hexes          | 1 2 3 |  3.3
Summonings     | 1 2 3 |  3.3
Necromancy     | 1 2 3 |  3.3
Translocations | 1 2 3 |  3.3
Transmutations | 4 5 |  5.1
Fire Magic     | 1 2 3 |  3.3
Ice Magic      | 1 2 3 |  3.3
Air Magic      | 1 2 3 |  3.3
Earth Magic    | 1 2 3 |  3.3
Poison Magic   | 1 2 3 |  3.3
Dodging        | 5 6 |  6.2
Unarmed Combat | 7 |  7.8

Action                   |  1- 3 |  4- 6 |  7- 9 || total
-------------------------+-------+-------+-------++-------
Melee: Unarmed           |   113 |   142 |   230 ||   485
       Kick              |    22 |    21 |    23 ||    66
       Headbutt          |    11 |    11 |    21 ||    43
       Bite              |    10 |     9 |    15 ||    34
       Punch             |     3 |     8 |    10 ||    21
 Cast: Beastly Appendage |    30 |    24 |    25 ||    79
       Wereblood         |     1 |     9 |     4 ||    14
       Blink             |       |     3 |     1 ||     4
       Spider Form       |       |     2 |    10 ||    12
       Cigotuvi's Dreadf |       |       |     3 ||     3
  Use: Scroll            |       |     7 |     4 ||    11
       Potion            |       |       |     1 ||     1
 Stab: Sleeping          |     1 |     1 |     3 ||     5
Armor: Robe              |    18 |    51 |    21 ||    90
       Skin              |       |     2 |     2 ||     4
Dodge: Dodged            |    63 |   195 |   227 ||   485

Table legend: (Time is in decaauts)
 A = Elapsed time spent in this place.
 B = Non-inter-level travel time spent in this place.
 C = Inter-level travel time spent in this place.
 D = Time resting spent in this place.
 E = Time spent auto-exploring this place.
 F = Levels seen in this place.
 G = Mean time per level.
                   A        B        C        D        E       F      G
               +--------+--------+--------+--------+--------+-----+--------+
         Total |   7293 |   6815 |    478 |     12 |   5066 |   8 |  911.6 |
       Dungeon |   6117 |   5678 |    439 |     12 |   4226 |   6 | 1019.5 |
        Temple |    226 |    187 |     39 |      0 |    176 |   1 |  226.0 |
         Sewer |    948 |    948 |      0 |      0 |    664 |   1 |  948.0 |
               +--------+--------+--------+--------+--------+-----+--------+

Top non-repeatable levels by time:
     D:5: 1583 daAuts
     D:3: 1158 daAuts
     D:4: 1066 daAuts
     D:2: 1010 daAuts
   Sewer: 948 daAuts
     D:1: 936 daAuts
     D:6: 362 daAuts
  Temple: 226 daAuts
